 Dungeon Crawl Stone Soup version 0.18-a0-971-g0af6217 (webtiles) character file.

154 Havendes the Skirmisher (level 5, -5/47 HPs)
             Began as a Minotaur Fighter on Jan 2, 2016.
             Was an Initiate of Ashenzari.
             Slain by Sodium1970's ghost (9 damage)
             ... on level 4 of the Dungeon.
             The game lasted 00:18:31 (1927 turns).

Havendes the Skirmisher (Minotaur Fighter)          Turns: 1927, Time: 00:18:31

Health: -5/47      AC: 11    Str: 22    XL:     5   Next: 13%
Magic:  4/4        EV:  8    Int:  5    God:    Ashenzari [......]
Gold:   150        SH:  0    Dex:  9    Spells: 0 memorised, 4 levels left

rFire  . . .     SeeInvis .     i - -3 quarterstaff (curse)
rCold  + . .     Gourm    .     h - +2 chain mail {rC+}
rNeg   . . .     Faith    .     (shield currently unavailable)
rPois  .         Spirit   .     m - +0 hat
rElec  .         Dismiss  .     (no cloak)
rCorr  .         Reflect  .     (no gloves)
SustAt .         Harm     .     (no boots)
MR     .....                    (no amulet)
Stlth  ..........               (no ring)
                                (no ring)

@: not resistant to hostile enchantments, extremely unstealthy
A: retaliatory headbutt, horns 2
a: Renounce Religion


You were on level 4 of the Dungeon.
You worshipped Ashenzari.
Ashenzari was noncommittal.
You were not hungry.

You visited 1 branch of the dungeon, and saw 4 of its levels.

You collected 150 gold pieces.

Inventory:

Hand Weapons
 a - a +0 long sword
 i - a cursed -3 quarterstaff (weapon)
Missiles
 l - 14 poisoned needles (quivered)
Armour
 b - a +0 scale mail
 c - a +1 shield
 h - a +2 chain mail of cold resistance (worn)
 m - a +0 hat (worn)
Wands
 e - a wand of lightning (7/15)
Scrolls
 j - a scroll of noise
 k - 2 scrolls of identify
Potions
 d - a potion of might
Comestibles
 f - 3 bread rations
 g - 2 meat rations


   Skills:
 + Level 4.8 Fighting
 + Level 3.3 Long Blades
 + Level 4.4 Armour
 + Level 1.4 Dodging
 + Level 4.8 Shields


You had 4 spell levels left.
You didn't know any spells.

Dungeon Overview and Level Annotations

Branches:
Dungeon (4/15)             Temple (0/1) D:4

Altars:
Ashenzari
Dithmenos
Qazlal
Yredelemnul

Annotations:
D:4 Sodium1970's ghost, amateur HuFi


Innate Abilities, Weirdness & Mutations

You reflexively headbutt those who attack you in melee.
You have a pair of horns on your head.


Message History

You destroy the giant gecko skeleton!
You feel sick.
You see here 5 gold pieces.
You see here a worker ant corpse.
You see here 5 gold pieces.
You now have 150 gold pieces (gained 5).
You feel sick.
You are no longer poisoned.
You see here an adder corpse.
There is a fountain of clear blue water here.
Sodium1970's ghost (amateur Human Fighter) comes into view.
Sodium1970's ghost turns its malevolent gaze towards you.
There is a staircase to the Ecumenical Temple here.
There is a fountain of clear blue water here.
You hit Sodium1970's ghost.
Sodium1970's ghost is lightly damaged.
Sodium1970's ghost hits you!
* * * LOW HITPOINT WARNING * * *
Sodium1970's ghost hits you!
You die...

.##+# ...... ......#
......#######
......W@⌠...#
#####..w....#
##.⌠.>.⌠.#
+#######........#
............⌠...#
.........[<.....#
.%....(†.†.....+....
.......†.......#####
.......[.......#


You could see a worm and Sodium1970's ghost.

Vanquished Creatures
  A hound (D:4)
  Ijyb (D:2)
  A worker ant (D:4)
  3 adders
  2 giant geckos (D:1)
  An orc (D:4)
  2 bats
  A giant cockroach (D:1)
  4 goblins
  4 hobgoblins
  9 jackals
  5 kobolds (D:1)
  A quokka (D:2)
  A ball python (D:2)
  A giant gecko skeleton (D:4)
  A giant newt (D:2)
  3 rats (D:2)
41 creatures vanquished.

Notes
Turn   | Place    | Note
--------------------------------------------------------------
     0 | D:1      | Havendes the Minotaur Fighter began the quest for the Orb.
     0 | D:1      | Reached XP level 1. HP: 19/19 MP: 0/0
   131 | D:1      | Reached XP level 2. HP: 8/27 MP: 1/1
   184 | D:1      | Reached skill level 4 in Fighting
  1006 | D:2      | Reached XP level 3. HP: 33/33 MP: 2/2
  1183 | D:2      | Found a basalt altar of Yredelemnul.
  1315 | D:2      | Found a stormy altar of Qazlal.
  1321 | D:2      | Noticed Ijyb
  1325 | D:2      | Found a shadowy altar of Dithmenos.
  1333 | D:2      | Killed Ijyb
  1333 | D:2      | Reached XP level 4. HP: 41/41 MP: 3/3
  1593 | D:2      | Found a shattered altar of Ashenzari.
  1609 | D:2      | Became a worshipper of Ashenzari the Shackled
  1892 | D:4      | Found a staircase to the Ecumenical Temple.
  1902 | D:4      | Reached skill level 1 in Dodging
  1910 | D:4      | Reached XP level 5. HP: 14/47 MP: 4/4
  1923 | D:4      | Noticed Sodium1970's ghost (amateur HuFi)
  1927 | D:4      | Slain by Sodium1970's ghost

Vault maps used:
D:1:      dpeg_chamrin_arrival_tetris
D:2:      old_standard_altar, grunt_qazlal_sundering, overflow_temple_1_default,
          evilmike_ruin_ashenzari, uniq_iyjb
D:3:      makhleb_grotto_becter, serial_co_window_serial, co_window_corner_a,
          co_window_corner_a, co_window_of_opportunity_a, co_window_paths_a,
          co_window_corner_a, co_window_corner_cb, co_window_2corner,
          co_window_2corner, co_window_broadway_a, glass_columns_a,
          glass_columns_a, first_bread, grunt_ministairs_4, dk_noncrumbling_3
D:4:      temple_fountains

Action                   |  1- 3 |  4- 6 || total
-------------------------+-------+-------++-------
Melee: Long sword        |    87 |    20 ||   107
       Quarterstaff      |       |    16 ||    16
  Use: Scroll            |     4 |     1 ||     5
       Potion            |     1 |     1 ||     2
  Eat: Chunk             |     1 |     2 ||     3
